 Dungeon Crawl Stone Soup version 0.23-a0-650-ga4d50d4 (console) character file.

11 Duffy the Firebug (level 2, 19/19 HPs)
             Began as a Demonspawn Fire Elementalist on Jan 4, 2019.
             Quit the game on level 1 of the Dungeon.
             The game lasted 00:00:17 (322 turns).

Duffy the Firebug (Demonspawn Fire Elementalist)     Turns: 322, Time: 00:00:18

Health: 19/19      AC:  2    Str:  8    XL:     2   Next: 13%
Magic:  14/14      EV: 12    Int: 16    God:
Gold:   6          SH:  0    Dex: 13    Spells: 4/5 levels left

rFire    . . .     SeeInvis .   (no weapon)
rCold    . . .     Gourm    .   (no shield)
rNeg     . . .     Faith    .   a - +0 robe
rPois    .         Spirit   .   (no helmet)
rElec    .         Reflect  .   (no cloak)
rCorr    .         Harm     .   (no gloves)
MR       .....                  (no boots)
Stlth    ++........             (no amulet)
HPRegen  0.06/turn              b - ring of magical power
MPRegen  0.14/turn              (no ring)

@: no status effects
A: talons 1
a: no special abilities


You were on level 1 of the Dungeon.
You were not hungry.

You visited 1 branch of the dungeon, and saw 1 of its levels.

You collected 6 gold pieces.

Inventory:

Armour
 a - a +0 robe (worn)
Jewellery
 b - a ring of magical power (left hand)
Scrolls
 e - a scroll of immolation {unknown}
 f - a scroll of remove curse {unknown}
 g - a scroll of random uselessness {unknown}
Comestibles
 c - a ration
 d - 7 chunks of flesh


   Skills:
 - Level 1.7 Dodging
 - Level 1.7 Stealth
 + Level 2.2 Spellcasting
 + Level 1.4 Conjurations
 + Level 2.9 Fire Magic


You had 4 spell levels left.
You knew the following spells:

 Your Spells              Type           Power        Failure   Level  Hunger
h - Flame Tongue          Conj/Fire      #....        9%          1    #......

Your spell library contained the following spells:

 Spells                   Type           Power        Failure   Level  Hunger
 Throw Flame              Conj/Fire      #.....       12%         2    ###....
 Conjure Flame            Conj/Fire      #.......     24%         3    ###....
 Inner Flame              Hex/Fire       #.......     32%         3    ###....
 Sticky Flame             Conj/Fire      #.......     63%         4    #####..
 Fireball                 Conj/Fire      #.........   92%         5    ######.


Dungeon Overview and Level Annotations

Branches:
Dungeon (1/15)

Altars:


Innate Abilities, Weirdness & Mutations

You have sharp toenails.


Message History

Confirm with . or Enter, or press ? or * to list all spells.
Aiming: Flame Tongue (safe; 9% risk of failure)
Press: ? - help, Shift-Dir - straight line, f/p - leopard gecko
Aim: a leopard gecko (moderately wounded, clinging)
The flame tongue hits the leopard gecko.
You kill the leopard gecko!
Casting: Flame Tongue (safe; 9% risk of failure)
Confirm with . or Enter, or press ? or * to list all spells.
You can't see any susceptible monsters within range! (Use Z to cast anyway.)
Your magical contamination has completely faded away.
You butcher the bat corpse.
d - 6 chunks of flesh (gained 1)
You see here a bat skeleton. x2
You butcher the leopard gecko corpse.
d - 7 chunks of flesh (gained 1)
You see here a leopard gecko skeleton. x2
f - a scroll labeled XYFUYR HENKI You see here 8 arrows.
g - a scroll labeled GUPTEKKUKHY Are you sure you want to abandon this character and quit the game? (Confirm

..... #..# .#####..#
........# .##.....#
###.#.#.# #.#.#(#####
###.#.#.....############.
..#.#............@.......
#...#######.#############
....# #.# .....# #.#
.....# #.# .....# #.#
...... ..# ....### ###
....#


There were no monsters in sight!

Vanquished Creatures
  A leopard gecko (D:1)
  2 bats (D:1)
  A giant cockroach (D:1)
  3 hobgoblins (D:1)
  A rat (D:1)
8 creatures vanquished.

Notes
Turn   | Place    | Note
-------+----------+-------------------------------------------
     0 | D:1      | Duffy the Demonspawn Fire Elementalist began the quest for
                  | the Orb.
     0 | D:1      | Reached XP level 1. HP: 13/13 MP: 3/3
   243 | D:1      | Gained mutation: You have sharp toenails. [demonic
                  | ancestry]
   243 | D:1      | Reached XP level 2. HP: 19/19 MP: 5/5
   322 | D:1      | Quit the game

Vault maps used:
D:1:      mrwooster_arrival_statue

Action                   || total
-------------------------++-------
 Cast: Flame Tongue      ||    15
Armor: Robe              ||     2
Dodge: Dodged            ||     6

Table legend:
 A = Non-vault XP
 B = Vault XP
 C = Vault XP percentage of total XP
 D = Non-vault monster count
 E = Vault monster count
 F = Vault count percentage of total count
                 A         B        C        D         E       F
            +---------+---------+-------+---------+---------+-------
      Total |      16 |       0 |   0.0 |       8 |       0 |   0.0
            +---------+---------+-------+---------+---------+-------
        D:1 |      16 |       0 |   0.0 |       8 |       0 |   0.0
            +---------+---------+-------+---------+---------+-------
